 Dungeon Crawl Stone Soup version 0.18-a0-1497-g788d838 (webtiles) character file.

8539 SlimeFever the Fighter (level 11, -3/86 HPs)
             Began as a Demonspawn Abyssal Knight on Mar 4, 2016.
             Was the Champion of Lugonu.
             Slain by a seven-headed hydra (11 damage)
             ... on level 1 of the Lair of Beasts.
             The game lasted 01:18:34 (8262 turns).

SlimeFever the Fighter (Demonspawn Abyssal Knight)  Turns: 8262, Time: 01:18:37

Health: -3/86      AC:  7    Str: 20    XL:     11   Next: 11%
Magic:  0/23       EV: 16    Int: 17    God:    Lugonu [******]
Gold:   683        SH:  6    Dex: 14    Spells: 0 memorised, 10 levels left

rFire  . . .     SeeInvis .     v - +1 battleaxe of Purpose {elec, MR+ Str+3} (curse)
rCold  . . .     Gourm    .     x - +0 troll leather armour {Purgy}
rNeg   . . .     Faith    .     (shield currently unavailable)
rPois  +         Spirit   +     (helmet restricted)
rElec  .         Dismiss  .     (no cloak)
rCorr  .         Reflect  +     (no gloves)
SustAt .         Harm     .     (no boots)
MR     +....     Rnd*Rage +     C - +4 amulet of reflection
Stlth  ++........               J - ring of magical power
                                g - ring of poison resistance

@: somewhat resistant to hostile enchantments, unstealthy
A: beak, claws 2, hooves 1, large bone plates 1, agile 1, berserk 1, clever 2,
spiny 2, magic shield
a: Depart the Abyss, Bend Space, Banish, Corrupt, Enter the Abyss, Brand Weapon
With Distortion, Renounce Religion


You were on level 1 of the Lair of Beasts.
You worshipped Lugonu.
Lugonu was exalted by your worship.
You were hungry.

You visited 2 branches of the dungeon, and saw 10 of its levels.
You visited the Abyss 1 time.
You also visited: Sewer.

You collected 683 gold pieces.

Inventory:

Hand Weapons
 a - the +3 spear "Hureityqi" {pierce, Dex+4}
   (You found it on level 4 of the Dungeon)

   It inflicts extra damage upon your enemies.
   It affects your dexterity (+4).
 b - a +0 hunting sling
 e - a +0 glaive
 s - a +0 scythe
 u - a +1 trident of venom
 v - the cursed +1 battleaxe of Purpose (weapon) {elec, MR+ Str+3}
   (You found it on level 9 of the Dungeon)

   Occasionally, upon striking a foe, it will discharge some electrical energy
   and cause terrible harm.
   It affects your strength (+3).
   It affects your resistance to hostile enchantments.
   It has a curse placed upon it.
 A - a +0 war axe
 B - a +1 hand axe
 L - the +5 dagger "Xumarr" {vamp, +Rage rN+ Int+2 Stlth+, unknown}
   (You found it on level 1 of the Lair of Beasts)

   It inflicts no extra harm, but heals its wielder somewhat when it strikes a
   living foe.
   It affects your intelligence (+2).
   It protects you from negative energy.
   It lets you go berserk.
   It makes you more stealthy.
Missiles
 k - 14 sling bullets of frost
 m - 26 sling bullets of flame
 t - 52 sling bullets
 D - 3 throwing nets (quivered)
 E - 17 tomahawks
 I - 16 exploding sling bullets
Armour
 x - a +0 troll leather armour (worn) {Purgy}
Jewellery
 g - a ring of poison resistance (left claw)
 i - an uncursed amulet of harm
 y - an uncursed ring of protection from fire
 C - a +4 amulet of reflection (around neck)
 J - a ring of magical power (right claw)
Wands
 h - a wand of lightning (5/15)
 q - a wand of flame (42/48)
 r - a wand of slowing (27/48)
 K - a wand of acid (6/15)
Scrolls
 f - a scroll of amnesia
 l - a scroll of recharging
 M - a scroll of remove curse
Potions
 n - 4 potions of brilliance
 o - 2 potions of cure mutation
 p - 4 potions of curing
 w - a potion of heal wounds
 z - a potion of resistance
 F - a potion of flight
 H - a potion of agility {unknown}
Comestibles
 c - 3 bread rations
 d - 2 beef jerkies
 j - 6 slices of pizza
 G - a meat ration


   Skills:
 + Level 8.1 Fighting
 * Level 6.2(7.8) Axes
 - Level 7.3(8.3) Polearms
 + Level 5.8 Armour
 + Level 8.0 Dodging
 + Level 3.9 Stealth
 + Level 4.4 Invocations


You had 10 spell levels left.
You didn't know any spells.

Dungeon Overview and Level Annotations

Branches:
Dungeon (9/15)             Temple (0/1) D:6            Lair (1/8) D:9
    Orc: D:9-12

Altars:
Elyvilon
Fedhas
Gozag
Kikubaaqudgha
Makhleb
Nemelex Xobeh
Ru
Xom
The Shining One

Shops:
D:9 (

Annotations:
D:7 WereVolvo's ghost, novice DDFi
Lair:1 Nergalle


Innate Abilities, Weirdness & Mutations

You have very sharp fingernails.
You are partially covered in large bone plates (AC +2, SH +2).
You are mostly covered in sharp spines.
When hurt, damage is shared between your health and your magic reserves.
You have a beak for a mouth.
You have large cloven feet.
You are agile. (Dex +2)
You tend to lose your temper in combat.
Your mind is very acute. (Int +4)


Message History

You hit the spectral orc warrior.
There is a sudden explosion of sparks!
You destroy the spectral orc warrior!
You block Nergalle's attack.
The six-headed hydra is struck by your spines.
The six-headed hydra bites you! The six-headed hydra barely misses you.
The six-headed hydra bites you!
* * * LOW HITPOINT WARNING * * *
You block the six-headed hydra's attack.
The six-headed hydra bites you!
* * * LOW HITPOINT WARNING * * *
The six-headed hydra barely misses you. Nergalle is struck by your spines.
Nergalle hits you but does no damage.
You lop one of the six-headed hydra's heads off!
The five-headed hydra grows two more!
You slice the seven-headed hydra!!
There is a sudden explosion of sparks!
You peck the seven-headed hydra.
The seven-headed hydra is almost dead.
You slash the spectral orc warrior!
The spectral orc warrior is moderately damaged.
The seven-headed hydra bites you!
You die...

.#..# ..... ....
##..P..≈≈≈≈≈≈..
#...###.....≈≈≈≈≈≈≈P.
#....##.....≈≈≈≈≈≈.≈.. .
.....P.....≈≈≈≈≈≈.... #..
#.......P≈≈≈≈≈.P....
#....#.Z......≈≈≈≈.P.....
......oD@.....P≈≈≈...(...
#......#...............P#
#....#.P.#.##.....###.#..
##.......#####.#.#.##.##.
###...... ##......#....
#.#..P# #...........#
#....##P ##.........|.
#.... #.##.#.#.....##
P.... #..:#....##.#..


You could see a seven-headed hydra, Nergalle and a spectral orc warrior.

Vanquished Creatures
  Pikel (D:7)
  A komodo dragon (Lair:1)
  Grinder (D:3)
  A two-headed ogre (D:8)
  3 blink frogs (Lair:1)
  Sigmund (D:3)
  5 yaks (D:8)
  A hog (D:7)
  A human (D:7)
  Edmund (D:4)
  2 wargs (D:9)
  2 porcupines (Lair:1)
  2 sky beasts
  2 water moccasins (Lair:1)
  4 orc warriors
  A black bear (D:7)
  Duvessa (D:4)
  2 ice beasts
  Purgy (D:4)
  A phantom (D:9)
  3 slaves (D:7)
  A centaur (D:6)
  3 ogres
  3 crocodiles (Lair:1)
  11 big kobolds
  5 giant frogs
  A water moccasin skeleton (D:9)
  Dowan (D:4)
  4 killer bees (D:7)
  A scorpion (D:5)
  3 howler monkeys (D:8)
  4 crimson imps
  A centaur zombie (D:9)
  The ghost of milladamen the Ducker, a weakling FeBe of Trog (D:3)
  A giant frog zombie (D:7)
  A gnoll shaman (D:6)
  5 hounds
  A centaur skeleton (D:5)
  A jelly (D:5)
  3 orc priests
  Terence (D:3)
  3 iguanas
  Natasha (thrice) (D:4)
  12 orc wizards
  2 worker ants
  3 sheep (D:7)
  A killer bee zombie (D:9)
  A hound zombie (D:9)
  A howler monkey zombie (D:7)
  Robin (D:3)
  9 adders
  10 gnolls
  A howler monkey skeleton (D:6)
  2 river rats (Sewer)
  3 oozes (Sewer)
  An adder skeleton (D:4)
  An adder zombie (D:6)
  10 worms
  3 dart slugs (D:2)
  2 giant geckos
  41 orcs
  2 giant cockroaches
  42 goblins
  29 hobgoblins
  20 kobolds
  3 quokkas
  5 ball pythons
  9 bats
  10 giant newts
  A jackal zombie (D:6)
  8 rats
328 creatures vanquished.

Vanquished Creatures (others)
  A slave (D:7)
  A giant frog (D:7)
  A worker ant (D:7)
  11 starspawn tentacle segments (Abyss:1)
14 creatures vanquished.

Grand Total: 342 creatures vanquished

Notes
Turn   | Place    | Note
--------------------------------------------------------------
     0 | Abyss:1  | SlimeFever the Demonspawn Abyssal Knight began the quest for the Orb.
     0 | Abyss:1  | Reached XP level 1. HP: 18/18 MP: 2/2
    28 | Abyss:1  | Noticed an anaconda
    28 | Abyss:1  | Noticed a chaos spawn
    28 | Abyss:1  | Noticed a tentacled starspawn
    29 | Abyss:1  | Noticed a boggart
    29 | Abyss:1  | Noticed a boggart
    29 | Abyss:1  | Noticed a boggart
    30 | Abyss:1  | Noticed a chaos spawn
    30 | Abyss:1  | Noticed a boggart
    30 | Abyss:1  | Noticed a starcursed mass
    30 | D:1      | Escaped the Abyss
    82 | D:1      | Reached * piety under Lugonu
   418 | D:1      | Gained mutation: When hurt, damage is shared between your health and your magic reserves. [demonic ancestry]
   418 | D:1      | Reached XP level 2. HP: 22/24 MP: 4/4
   481 | D:1      | Reached skill level 1 in Dodging
   717 | D:2      | Found a faded altar to an unknown god.
   776 | D:2      | Gained mutation: You are partially covered in sharp spines. [demonic ancestry]
   776 | D:2      | Reached XP level 3. HP: 9/29 MP: 5/5
  1232 | D:3      | Found a sacrificial altar of Ru.
  1240 | D:3      | Reached ** piety under Lugonu
  1312 | D:3      | Gained mutation: You are partially covered in large bone plates (AC +2, SH +2). [demonic ancestry]
  1312 | D:3      | Reached XP level 4. HP: 29/36 MP: 6/6
  1367 | D:3      | Noticed milladamen's ghost (weakling FeBe)
  1375 | D:3      | Killed milladamen's ghost
  1376 | D:3      | Found a glowing drain.
  1385 | Sewer    | Entered a sewer
  1501 | Sewer    | Noticed a big kobold
  1519 | Sewer    | Killed a big kobold
  1519 | Sewer    | Reached skill level 1 in Stealth
  1519 | Sewer    | Reached XP level 5. HP: 35/42 MP: 7/7
  1615 | Sewer    | Reached XP level 6. HP: 43/48 MP: 6/8
  1776 | Sewer    | Gained mutation: You have sharp fingernails. [demonic ancestry]
  1776 | Sewer    | Reached XP level 7. HP: 37/55 MP: 6/9
  1892 | Sewer    | Reached *** piety under Lugonu
  1963 | D:3      | Noticed Grinder
  1968 | D:3      | Paralysed by Grinder for 3 turns
  1990 | D:3      | Killed Grinder
  1990 | D:3      | Reached skill level 5 in Fighting
  2231 | D:3      | Noticed Terence
  2240 | D:3      | Killed Terence
  2263 | D:3      | Noticed Sigmund
  2276 | D:3      | Killed Sigmund
  2376 | D:3      | Found a glowing golden altar of the Shining One.
  2377 | D:3      | Noticed Robin
  2398 | D:3      | Reached XP level 8. HP: 49/63 MP: 7/10
  2401 | D:3      | Killed Robin
  2660 | D:4      | Noticed Purgy
  2661 | D:4      | Reached skill level 5 in Axes
  2679 | D:4      | Killed Purgy
  2707 | D:4      | Noticed Duvessa
  2707 | D:4      | Noticed Dowan
  2740 | D:4      | Noticed Natasha
  2747 | D:4      | Killed Natasha
  2750 | D:4      | Noticed Edmund
  2779 | D:4      | Noticed Natasha
  2791 | D:4      | Killed Edmund
  2792 | D:4      | Killed Natasha
  2883 | D:4      | Killed Dowan
  2897 | D:4      | Killed Duvessa
  2897 | D:4      | Reached **** piety under Lugonu
  3072 | D:4      | Got a twisted spear
  3073 | D:4      | Identified the cursed +3 spear "Hureityqi" {pierce, Dex+4} (You found it on level 4 of the Dungeon)
  3097 | D:4      | Noticed Natasha
  3100 | D:4      | Killed Natasha
  3122 | D:4      | Found a sparkling altar of Nemelex Xobeh.
  3208 | D:5      | Entered Level 5 of the Dungeon
  3218 | D:5      | Reached skill level 1 in Polearms
  3442 | D:5      | Reached ***** piety under Lugonu
  3515 | D:5      | Reached skill level 5 in Dodging
  3515 | D:5      | Gained mutation: You are mostly covered in sharp spines. [demonic ancestry]
  3515 | D:5      | Reached XP level 9. HP: 48/69 MP: 8/12
  4141 | D:5      | Found an opulent altar of Gozag.
  4147 | D:5      | Found a shimmering altar of Xom.
  4201 | D:5      | Reached skill level 5 in Armour
  4304 | D:5      | Found a white marble altar of Elyvilon.
  4311 | D:5      | Found a burning altar of Makhleb.
  4315 | D:5      | Found a glowing golden altar of the Shining One.
  4408 | D:6      | Found a staircase to the Ecumenical Temple.
  4800 | D:6      | Found a blossoming altar of Fedhas.
  4802 | D:6      | Found an ancient bone altar of Kikubaaqudgha.
  5102 | D:7      | Noticed Pikel
  5142 | D:7      | Reached ****** piety under Lugonu
  5292 | D:7      | Killed Pikel
  5292 | D:7      | Reached skill level 5 in Polearms
  5318 | D:7      | Gained mutation: You have very sharp fingernails. [demonic ancestry]
  5318 | D:7      | Reached XP level 10. HP: 74/79 MP: 11/13
  5401 | D:7      | Noticed WereVolvo's ghost (novice DDFi)
  5440 | D:7      | HP: 2/79 [WereVolvo's ghost (16)]
  5663 | D:7      | Gained mutation: Your natural rate of healing is unusually fast. [potion of mutation]
  5663 | D:7      | Gained mutation: Your mind is acute. (Int +2) [potion of mutation]
  5663 | D:7      | Gained mutation: You are resistant to hostile enchantments. [potion of mutation]
  5664 | D:7      | Lost mutation: Your mind is acute. (Int +2) [potion of cure mutation]
  5664 | D:7      | Lost mutation: You are resistant to hostile enchantments. [potion of cure mutation]
  5673 | D:7      | Gained mutation: Your flesh is cold resistant. [potion of mutation]
  5673 | D:7      | Gained mutation: You are agile. (Dex +2) [potion of mutation]
  5673 | D:7      | Gained mutation: Your mind is acute. (Int +2) [potion of mutation]
  5876 | D:7      | HP: 2/79 [WereVolvo's ghost (6)]
  6858 | D:8      | Gained mutation: You are robust (+10% HP). [potion of mutation]
  6858 | D:8      | Gained mutation: You have a beak for a mouth. [potion of mutation]
  6858 | D:8      | Gained mutation: You tend to lose your temper in combat. [potion of mutation]
  6859 | D:8      | Lost mutation: Your natural rate of healing is unusually fast. [potion of cure mutation]
  6859 | D:8      | Lost mutation: You are robust (+10% HP). [potion of cure mutation]
  6859 | D:8      | Lost mutation: Your flesh is cold resistant. [potion of cure mutation]
  6860 | D:8      | Gained mutation: You have large cloven feet. [potion of mutation]
  6860 | D:8      | Gained mutation: Your mind is very acute. (Int +4) [potion of mutation]
  7464 | D:9      | Found a staircase to the Lair.
  7677 | D:9      | Found Iluorijo's Weapon Shop.
  7724 | D:9      | Got a shimmering battleaxe
  7725 | D:9      | Identified the cursed +1 battleaxe of Purpose {elec, MR+ Str+3} (You found it on level 9 of the Dungeon)
  8057 | Lair:1   | Entered Level 1 of the Lair of Beasts
  8098 | Lair:1   | Got a brightly glowing dagger
  8173 | Lair:1   | Reached XP level 11. HP: 75/86 MP: 14/14
  8250 | Lair:1   | Noticed Nergalle
  8252 | Lair:1   | Noticed a four-headed hydra
  8262 | Lair:1   | Slain by a seven-headed hydra

Vault maps used:
D:1:      mrwooster_arrival_arrow
D:2:      ecumenical_altar_1, first_bread
D:3:      nicolae_ru_awakened_eye, portal_sewer_entry_d, minmay_strange_pillars,
          tso_metal_star, uniq_grinder, uniq_robin, uniq_sigmund, uniq_terence
D:4:      nemelex_deck, uniq_natasha, uniq_edmund, uniq_duvessa, uniq_purgy
D:5:      minmay_goblin_kobold_castle, lemuel_crystal_altar,
          grunt_temple_overflow_diamond, kennysheep_minor_cross, led_xom_imps
D:6:      grunt_temple_overflow_growth_and_decay, minmay_temple_entry_junction
D:7:      grunt_livestock, uniq_pikel
D:9:      erik_lair_orcish_takeover, serial_shops, shop,
          kennysheep_generic_room_2
Lair:1:   fungi_pond_lemuel, serial_bayou_pond_b, uniq_nergalle
Abyss:1:  minivault_1, serial_sigils_hangedman_snap
Sewer:    sewer_co_tree

Skill      XL: |  1  2  3  4  5  6  7  8  9 10 11 |
---------------+----------------------------------+-----
Axes           | 2 3 4 5 6 |  6.2
Dodging        | 1 2 3 5 6 7 8 |  8.0
Armour         | 2 3 4 5 |  5.8
Invocations    | 3 4 |  4.4
Fighting       | 4 5 6 7 8 |  8.1
Stealth        | 1 2 3 |  3.9
Polearms       | 2 5 7 |  7.3

Action                   |  1- 3 |  4- 6 |  7- 9 | 10-12 || total
-------------------------+-------+-------+-------+-------++-------
Melee: Hand axe          |    77 |   105 |   155 |       ||   337
       Glaive            |     1 |       |       |       ||     1
       Spear             |       |       |   285 |   275 ||   560
       Battleaxe         |       |       |       |    39 ||    39
 Fire: Hunting sling     |       |       |    11 |     3 ||    14
Invok: Depart the Abyss  |     1 |       |       |       ||     1
       Bend Space        |       |       |     2 |     1 ||     3
Evoke: Wand              |       |       |       |     1 ||     1
  Use: Scroll            |     6 |       |     8 |     6 ||    20
       Potion            |       |       |     2 |     9 ||    11
 Stab: Sleeping          |       |       |     3 |     2 ||     5
       Distracted        |       |       |       |     1 ||     1
  Eat: Bread ration      |       |     1 |     1 |     1 ||     3
       Meat ration       |       |       |     1 |       ||     1
       Beef jerky        |       |       |     1 |       ||     1
       Fruit             |       |       |       |     3 ||     3
       Pizza             |       |       |       |     2 ||     2
